 Dungeon Crawl Stone Soup version 0.29.0-13-gc9e81de378 (webtiles) character file.

Game seed: 17248966229922733060

2522 DKP the Covert (level 9, 0/54 HPs)
             Began as an Octopode Brigand on Sept 9, 2022.
             Was an Elder of Cheibriados.
             Slain by an orc warrior
             ... wielding a +1 trident of protection
              (9 damage)
             ... on level 7 of the Dungeon.
             The game lasted 00:26:42 (7410 turns).

DKP the Covert (Octopode Brigand)                   Turns: 7410, Time: 00:26:42

Health: 0/54       AC:  1    Str: 20    XL:     9   Next: 54%
Magic:  12/12      EV: 13    Int: 27    God:    Cheibriados [****..]
Gold:   325        SH:  0    Dex: 26    Spells: 6/8 levels left

rFire   . . .      SeeInvis .   c - +5 dagger (drain)
rCold   + . .      Faith    .   (no shield)
rNeg    . . .      Spirit   .   f - +0 hat
rPois   .          Reflect  .   (no amulet)
rElec   .          Harm     .   t - ring of protection from cold
rCorr   .          Rampage  .   (no ring)
Will    .....                   (no ring)
Stlth   +++++++...              (no ring)
HPRegen 0.18/turn               (no ring)
MPRegen 0.13/turn               (no ring)
                                (no ring)
                                (no ring)

@: very slow
A: almost no armour, amphibious, 8 rings, camouflage 1, gelatinous body 1,
(nimble swimmer 1), tentacles, tentacle spike 1, clever 1, MP-powered wands
a: Renounce Religion, Bend Time, Temporal Distortion, Slouch


You were on level 7 of the Dungeon.
You worshipped Cheibriados.
Cheibriados was greatly pleased with you.
You visited 1 branch of the dungeon, and saw 7 of its levels.

You collected 349 gold pieces.
You spent 24 gold pieces at shops.

Inventory:

Hand Weapons
 c - a +5 dagger of draining (weapon)
Missiles
 e - 6 poisoned darts
 g - 14 stones (quivered)
 k - 2 curare-tipped darts
Armour
 f - a +0 hat (worn)
Jewellery
 a - a ring of resist corrosion
 t - a ring of protection from cold (left tentacle)
Wands
 y - a wand of flame (11)
Scrolls
 j - a scroll of vulnerability
 n - a scroll of torment
 o - a scroll of amnesia {unknown}
 x - a scroll of poison {unknown}
Potions
 b - 2 potions of heal wounds {unknown}
 d - a potion of might {unknown}
 h - a potion of degeneration
 i - a potion of ambrosia {unknown}
 l - a potion of mutation
 m - 2 potions of brilliance
 p - 2 potions of haste {unknown}
 q - 2 potions of magic {unknown}
 r - a potion of cancellation {unknown}
 w - a potion of flight {unknown}
 z - a potion of curing {unknown}


   Skills:
 - Level 2.0 Fighting
 * Level 8.3 Short Blades
 - Level 2.0 Throwing
 - Level 1.0 Dodging
 * Level 12.4 Stealth
 + Level 2.4 Hexes
 + Level 5.1 Invocations


You had 6 spell levels left.
You knew the following spells:

 Your Spells              Type           Power      Damage    Failure   Level
a - Ensorcelled Hibernat  Hex/Ice        12%        N/A       11%         2

Your spell library contained the following spells:

 Spells                   Type           Power      Damage    Failure   Level
 Confusing Touch          Hex            13%        N/A       14%         3
 Tukima's Dance           Hex            13%        N/A       14%         3
 Passwall                 Tmut/Erth      0%         N/A       19%         2
 Dazzling Flash           Conj/Hex       12%        N/A       22%         3
 Portal Projectile        Hex/Tloc       12%        N/A       22%         3
 Swiftness                Air            0%         N/A       34%         3
 Passage of Golubria      Tloc           0%         N/A       75%         4
 Yara's Violent Unravell  Hex/Tmut       3%         3d4       90%         5
 Blade Hands              Tmut           0%         N/A       97%         5
 Irradiate                Conj/Tmut      0%         3d11      97%         5
 Summon Forest            Summ/Tloc      0%         N/A       97%         5
 Dragon Form              Tmut           0%         N/A       100%        7
 Malign Gateway           Summ/Tloc      0%         N/A       100%        7


Dungeon Overview and Level Annotations

Branches:
Dungeon (7/15)             Temple (0/1) D:5

Altars:
Ashenzari
Cheibriados
Dithmenos

Shops:
D:4 *


Innate Abilities, Weirdness & Mutations

You cannot wear most types of armour.
You are amphibious.
You can wear up to eight rings at the same time.
Your skin changes colour to match your surroundings (Stealth+).
Your rubbery body absorbs attacks. (AC +1, EV +1)
((You are camouflaged when in or above water. (Stealth+)))
You have tentacles for arms and can constrict up to eight enemies at once.
One of your tentacles bears a spike.
Your mind is acute. (Int +4, Str/Dex -1)
You expend magic power (3 MP) to strengthen your wands.


Message History

You see here 9 gold pieces.
You catch the helpless hornet completely off-guard!
You perforate the hornet like a sieve!!!
You kill the hornet!
Cheibriados thoroughly appreciates the change of pace.
Your Invocations skill increases to level 5!
You now have 325 gold pieces (gained 9).
Okay, then.
An orc warrior is nearby!
The orc warrior shouts!
The orc warrior unwields a +1 trident of protection.
The orc warrior wields a +0 arbalest.
The orc warrior shoots a bolt.
The bolt barely misses you.
The orc warrior shoots a bolt.
The bolt barely misses you.
You hear a shout!
You see here a hornet corpse.
You hear an angry hiss.
The orc warrior unwields a +0 arbalest.
The orc warrior wields a +1 trident of protection.
The orc warrior hits you with a +1 trident of protection!!
The orc warrior hits you with a +1 trident of protection!
You hit the orc warrior but do no damage.
You drain the orc warrior. You grab the orc warrior.
The orc warrior is lightly wounded.
You constrict the orc warrior, but do no damage.
The orc priest calls upon Beogh to heal the orc warrior.
The orc warrior's wounds heal themselves!
You hit the orc warrior.
You pierce the orc warrior, but do no damage.
The orc warrior is lightly wounded.
You constrict the orc warrior, but do no damage.
The orc warrior hits you with a +1 trident of protection.
You hit the orc warrior but do no damage.
The orc warrior is lightly wounded.
You constrict the orc warrior.
The orc priest invokes the aid of Beogh against you.
Beogh smites you!
* * * LOW HITPOINT WARNING * * *
The orc warrior hits you with a +1 trident of protection!
You die...

###########
#.........#######
########.#......†.......
#.....................#.
#.#.######.#.###†####.#
#....#####.#.# #.# #
#.......##.#.# #@#
#....##.##.#.# #o#
#.#)###.##.#.# #.. #.#.#
#.##.#.# ##o.
#.#.###.##.#.# ...
).#........#.. ...#
#.#...)#.###.o ....
#.#.##...# #.o .....
#.#.###.## ##.#


You could see an orc warrior (drained) and an orc priest.

Vanquished Creatures
  A hornet (D:7)
  A wyvern (D:4)
  A water moccasin (D:5)
  A sky beast (D:6)
  An orc warrior (D:6)
  2 ice beasts
  An ogre (D:6)
  2 centaurs
  A kobold brigand (D:5)
  3 bullfrogs
  5 scorpions
  A necrophage (D:4)
  3 hounds
  A jelly (D:6)
  3 orc priests
  2 gnoll boudas
  5 iguanas
  8 orc wizards
  7 gnolls
  7 adders
  3 worms
  2 dart slugs
  18 orcs
  3 ball pythons
  3 endoplasms
  2 giant cockroaches
  7 goblins
  10 hobgoblins
  2 jackals (D:5)
  11 kobolds
  3 quokkas
  2 bats (D:1)
  4 rats
126 creatures vanquished.

Notes
Turn   | Place    | Note
-------+----------+-------------------------------------------
     0 | D:1      | DKP the Octopode Brigand began the quest for the Orb.
     0 | D:1      | Reached XP level 1. HP: 14/14 MP: 1/1
   178 | D:1      | Reached XP level 2. HP: 15/19 MP: 2/2
   960 | D:2      | Found a faded altar of an unknown god.
   977 | D:2      | Prayed at the altar of an unknown god.
   977 | D:2      | Became a worshipper of Cheibriados the Contemplative
   977 | D:2      | Reached * piety under Cheibriados
  1014 | D:2      | Reached skill level 6 in Stealth
  1069 | D:2      | Reached XP level 3. HP: 24/24 MP: 3/3
  1745 | D:3      | Reached XP level 4. HP: 29/29 MP: 4/4
  2165 | D:3      | Reached ** piety under Cheibriados
  2180 | D:3      | Reached skill level 7 in Stealth
  2538 | D:3      | Reached XP level 5. HP: 23/34 MP: 5/5
  2662 | D:4      | Found Seshusys's CLEARANCE SALE!.
  2782 | D:4      | Bought a scroll of butterflies for 16 gold pieces
  2782 | D:4      | Bought a scroll of identify for 8 gold pieces
  2798 | D:4      | Identified the +5 ring mail "Qidaud" {Int+2}
  2882 | D:4      | Reached XP level 6. HP: 32/39 MP: 6/6
  3011 | D:4      | Noticed a wyvern
  3022 | D:4      | Killed a wyvern
  3023 | D:4      | Reached skill level 8 in Stealth
  3023 | D:4      | Reached skill level 1 in Invocations
  3354 | D:4      | Reached skill level 5 in Short Blades
  3354 | D:4      | Reached XP level 7. HP: 44/45 MP: 3/8
  3432 | D:4      | Got Sif Muna's Incunabulum of Enchantment
  3498 | D:4      | Reached skill level 9 in Stealth
  3499 | D:4      | Gained mutation: You expend magic power (3 MP) to
                  | strengthen your wands. [potion of mutation]
  3499 | D:4      | Gained mutation: One of your tentacles bears a spike.
                  | [potion of mutation]
  3499 | D:4      | Gained mutation: Your mind is acute. (Int +4, Str/Dex -1)
                  | [potion of mutation]
  4014 | D:5      | Entered Level 5 of the Dungeon
  4031 | D:5      | Reached *** piety under Cheibriados
  4054 | D:5      | Reached XP level 8. HP: 44/50 MP: 10/10
  4146 | D:5      | Reached skill level 10 in Stealth
  4298 | D:5      | Got the Compilation of Peregrination
  4845 | D:5      | Found a staircase to the Ecumenical Temple.
  5113 | D:6      | Reached skill level 11 in Stealth
  5568 | D:6      | Learned a level 2 spell: Ensorcelled Hibernation
  5908 | D:6      | Reached **** piety under Cheibriados
  5933 | D:6      | Found a shadowy altar of Dithmenos.
  5937 | D:6      | Found a broken altar of Ashenzari.
  5952 | D:6      | Reached skill level 1 in Hexes
  5952 | D:6      | Reached XP level 9. HP: 54/54 MP: 12/12
  5982 | D:6      | HP: 1/54 [something (6)]
  6649 | D:7      | Noticed a hornet
  6696 | D:6      | Reached skill level 12 in Stealth
  7387 | D:7      | Killed a hornet
  7388 | D:7      | Reached skill level 5 in Invocations
  7410 | D:7      | Slain by an orc warrior

Illustrated notes

Levels and vault maps discovered:
D:1:      evilmike_arrival_home_sweet_home, layout_basic, st_stairs_8,
          nicolae_concentric_dashed_squares_mild
D:2:      layout_rooms, shapermc_ecumenical_altar_gd
D:3:      layout_loops_ring
D:4:      layout_basic, nicolae_shop_clearance
D:5:      layout_rooms, minmay_temple_entry_offerings
D:6:      layout_rooms, mainiacjoe_overflow_big_doors
D:7:      minmay_bubble_buster, layout_loops_ring, kennysheep_generic_room_9

Skill      XL: |  1  2  3  4  5  6  7  8  9 |
---------------+----------------------------+-----
Stealth        | 6 7 8 9 11 12 | 12.4
Short Blades   | 3 4 5 6 7 8 |  8.3
Invocations    | 1 2 4 5 |  5.1
Hexes          | 1 2 |  2.4
Fighting       | |  2.0
Throwing       | |  2.0
Dodging        | |  1.0

Action                   |  1- 3 |  4- 6 |  7- 9 || total
-------------------------+-------+-------+-------++-------
Melee: Dagger            |    50 |    47 |   129 ||   226
       Constrict         |    14 |    12 |    29 ||    55
       Tentacles         |     6 |    13 |    27 ||    46
       Punch             |     1 |     2 |     2 ||     5
       Kick              |       |       |    44 ||    44
Throw: Dart              |    17 |    42 |    96 ||   155
       Stone             |       |     3 |    27 ||    30
 Cast: Ensorcelled Hiber |       |       |     1 ||     1
Invok: Bend Time         |       |     1 |       ||     1
Evoke: Wand              |       |       |     4 ||     4
  Use: Scroll            |     6 |     4 |    11 ||    21
       Potion            |       |       |     2 ||     2
 Stab: Sleeping          |     7 |     2 |     7 ||    16
       Fleeing           |       |       |     1 ||     1
       Distracted        |       |       |     3 ||     3
Armor: Skin              |     2 |     1 |     5 ||     8
Dodge: Dodged            |    18 |    22 |    50 ||    90
